 Dungeon Crawl Stone Soup version 0.31-a0-4-gefa6de2278 (webtiles) character file.

Game seed: 10074403275943501001

67 Lavandula the Magician (level 3, -17/24 HPs)
             Began as a Mummy Venom Mage on May 4, 2023.
             Shot with a bolt by an orc warrior (24 damage)
             ... on level 3 of the Dungeon.
             The game lasted 00:05:05 (2607 turns).

Lavandula the Magician (Mummy Venom Mage)           Turns: 2607, Time: 00:05:06

Health: -17/24     AC:  3    Str: 11    XL:     3   Next: 98%
Magic:  6/8        EV: 12    Int: 16    God:
Gold:   118        SH:  0    Dex: 12    Spells: 4/10 levels left

rFire   x . .        c - +0 whip
rCold   + . .        (no shield)
rNeg    + + +        a - +0 robe
rPois   ∞            (no helmet)
rElec   .            (no cloak)
rCorr   .            h - +0 pair of gloves
SInv    .            (no boots)
Will    .....        (no amulet)
Stlth   ++           (no ring)
HPRegen 0.24/turn    (no ring)
MPRegen 0.11/turn

%: faith
@: no status effects
A: cold resistance 1, negative energy resistance 3, torment resistance 2, heat
vulnerability 1, in touch with death 1, no potions, faith
a: no special abilities


You were on level 3 of the Dungeon.
You visited 1 branch of the dungeon, and saw 3 of its levels.

You collected 118 gold pieces.

Inventory:

Hand Weapons
 c - a +0 whip (weapon)
Missiles
 f - 3 boomerangs
Armour
 a - a +0 robe (worn)
 h - a +0 pair of gloves (worn)
Scrolls
 b - 2 scrolls of identify {unknown}
 d - a scroll of amnesia {unknown}
 e - a scroll of magic mapping {unknown}
 g - 2 scrolls of immolation {unknown}


   Skills:
 - Level 1.5 Dodging
 - Level 1.5 Stealth
 - Level 4.0 Spellcasting
 - Level 0.7 Transmutations
 + Level 3.4 Poison Magic


You had 4 spell levels left.
You knew the following spells:

 Your Spells              Type           Power      Damage    Failure   Level
a - Sting                 Tmut/Pois      36%        1d4       7%          1
b - Poisonous Vapours     Pois/Air       16%        N/A       13%         2
c - Mephitic Cloud        Conj/Pois/Air  6%         N/A       32%         3

Your spell library contained the following spells:

 Spells                   Type           Power      Damage    Failure   Level
 Summon Small Mammal      Summ           12%        N/A       17%         1
 Olgreb's Toxic Radiance  Pois           14%        N/A       38%         4
 Call Canine Familiar     Summ           3%         N/A       45%         3
 Summon Guardian Golem    Hex/Summ       3%         N/A       45%         3


Dungeon Overview and Level Annotations

Branches:
Dungeon (3/15)

Altars:


Innate Abilities, Weirdness & Mutations

You are immune to poison.
Your flesh is cold resistant. (rC+)
You are immune to negative energy. (rN+++)
You are immune to unholy pain and torment.
You are vulnerable to heat. (rF-)
You are in touch with the powers of death.
You do not drink.
You have a special connection with the divine. (Faith)


Message History

Found a leather armour.
Found a whip.
Found a stone staircase leading down.
You see here a +0 leather armour.
Found a ring mail and 3 stones.
You see here a +0 whip.
An orc comes into view. It is wielding a +0 mace.
An orc is nearby!
An orc is nearby!
An orc is nearby!
Casting: Sting (safe; 7% risk of failure)
Confirm with . or Enter, or press ? or * to list all spells.
Aiming: Poisonous Vapours (safe; 13% risk of failure)
Press: ? - help, Dir - move target, f - orc
Aim: an orc, wielding a +0 mace (wandering, hasn't noticed you) Poisonous vapours surround the orc!
The orc is poisoned.
The orc shouts!
An orc warrior comes into view. It is wielding a +0 mace.
Casting: Poisonous Vapours (safe; 13% risk of failure)
Confirm with . or Enter, or press ? or * to list all spells.
Aiming: Sting (safe; 7% risk of failure)
Press: ? - help, Shift-Dir - straight line, f/p - orc
Aim: an orc, wielding a +0 mace (heavily wounded, poisoned, 68% to hit)
The sting hits the orc.
The orc looks even sicker.
The orc is almost dead.
The orc warrior shouts!
An orc comes into view. It is wielding a +0 trident.
You kill the orc!
The orc warrior unwields a +0 mace.
The orc warrior wields a +0 arbalest.
The orc warrior shoots a bolt.
The bolt closely misses you.
A kobold comes into view. It is wielding a +0 dagger.
The orc warrior shoots a bolt.
The bolt hits you but does no damage.
The orc warrior shoots a bolt.
The bolt hits you!!
Ouch! That really hurt!
* * * LOW HITPOINT WARNING * * *
You hear a shout!
Unknown command.
The orc warrior shoots a bolt.
The bolt hits you!!
Ouch! That really hurt!
You die...

#......[...#
#.....o....#
##....K....# ###
#...)......# #..
#...###....#### #..
#...#.........# #..
#..[#.........## #..
#...#..........## ###
#.(.#........@..#
#####.........#.######
###########.#....## ##
#...##.##. .
##...#.###.#####
#....#..........
###.##...## #.#.#.
#......#..###.....
#.##....#.....##.#


You could see an orc warrior and a kobold.

Vanquished Creatures
  2 worms (D:2)
  2 dart slugs
  4 orcs (D:3)
  3 ball pythons
  4 bats
  4 endoplasms (D:1)
  4 giant cockroaches
  4 goblins
  7 hobgoblins
  3 quokkas
  5 frilled lizards
  A kobold (D:1)
  5 rats
48 creatures vanquished.

Notes
Turn   | Place    | Note
-------+----------+-------------------------------------------
     0 | D:1      | Lavandula the Mummy Venom Mage began the quest for the Orb.
     0 | D:1      | Reached XP level 1. HP: 13/13 MP: 4/4
    25 | D:1      | Reached skill level 3 in Spellcasting
   174 | D:1      | Reached XP level 2. HP: 10/19 MP: 1/6
   423 | D:2      | Reached skill level 4 in Spellcasting
   427 | D:2      | Learned a level 2 spell: Poisonous Vapours
   713 | D:1      | Gained mutation: You are in touch with the powers of death.
                  | [Mummy growth]
   713 | D:1      | Reached XP level 3. HP: 18/24 MP: 2/8
   717 | D:1      | Learned a level 3 spell: Mephitic Cloud
  1914 | D:2      | Found a faded altar of an unknown god.
  2594 | D:3      | Noticed an orc warrior
  2607 | D:3      | Shot with a bolt by an orc warrior

Illustrated notes

Levels and vault maps discovered:
D:1:      dpeg_arrival_orchard, layout_rooms, chequers_serial_rivers_small_b
D:2:      layout_basic, hellmonk_ecumenical_altar_leap_of_faith,
          serial_corexii_hall, chequers_hall_statues_wall_a,
          corexii_hall_statues_s, chequers_serial_rivers_large_b
D:3:      layout_basic, overflow_temple_1_default

Skill      XL: |  1  2  3 |
---------------+----------+-----
Spellcasting   | 3 4 |  4.0
Poison Magic   | 3 |  3.4
Dodging        | |  1.5
Stealth        | |  1.5
Transmutations | |  0.7

Action                     || total
---------------------------++-------
  Melee: Unarmed           ||    12
         Whip              ||    16
   Cast: Sting             ||    73
         Poisonous Vapours ||    31
 Armour: Robe              ||     8
  Dodge: Dodged            ||    26

Table legend: (Time is in decaauts)
 A = Elapsed time spent in this place.
 B = Non-inter-level travel time spent in this place.
 C = Inter-level travel time spent in this place.
 D = Time resting spent in this place.
 E = Time spent auto-exploring this place.
 F = Levels seen in this place.
 G = Mean time per level.
                   A        B        C        D        E       F      G
               +--------+--------+--------+--------+--------+-----+--------+
         Total |   2635 |   2588 |     47 |    489 |   1722 |   3 |  878.3 |
       Dungeon |   2635 |   2588 |     47 |    489 |   1722 |   3 |  878.3 |
               +--------+--------+--------+--------+--------+-----+--------+

Top non-repeatable levels by time:
     D:2: 1200 daAuts
     D:1: 1045 daAuts
     D:3: 390 daAuts
